AoeStats
← Koprulu Mehmed PASA_☾☆

Black Forest

508504923Analyzed
4v4 RM · 10d ago on Sep 22, 2026· 30m 16s· 8 players
Game mode
Random Map
Map size
Large (8 player)
Population
200
Speed
Normal
Resources
Standard
Victory
Conquest
Starting age
Dark Age
Ending age
Imperial Age
RankedLock teamsTeams togetherTeam positionsShared explorationLock speedFull tech treeHidden civsTurbo modeCheats
Victory
Defeat
🇹🇷 Turks · Türkiye
629
+18
🇺🇸 Spanish · United States
579
+20
🇦🇷 Vietnamese · Argentina
572
+22
🇨🇾 Teutons · Cyprus
566
+21
703
-21
🇵🇪 Turks · Peru
703
-21
664
-20
🇹🇷 Franks · Türkiye
646
-19
DoneHealer17475
2:59 Loom
20:02 Feudal Age
21:30 Wheelbarrow
20:40 Town Watch
20:49 Gold Mining
20:55 Double-Bit Axe
21:51 Horse Collar
28:11 Bloodlines
31:07 Castle Age
29:47 Stone Mining
Senyor Flaco
2:09 Loom
17:36 Feudal Age
18:28 Man-at-Arms
21:09 Double-Bit Axe
24:33 Wheelbarrow
Nahrimed
0:29 Loom
12:21 Feudal Age
12:56 Double-Bit Axe
14:18 Horse Collar
14:25 Town Watch
15:55 Wheelbarrow
25:25 Bloodlines
25:14 Gold Mining
25:15 Stone Mining
30:58 Castle Age
29:40 Fletching
29:50 Padded Archer Armor
Sir Pepe84
0:30 Loom
18:10 Feudal Age
18:38 Man-at-Arms
21:21 Wheelbarrow
20:32 Double-Bit Axe
20:29 Horse Collar
20:50 Town Watch
Garp.exe 🤣👊⚡👊⚡
10:50 Feudal Age
24:11 Castle Age
23:02 Double-Bit Axe
23:17 Horse Collar
28:12 Pikeman
ZzzzzzCamilaVuelvePorfavor
8:07 Loom
22:21 Feudal Age
25:12 Wheelbarrow
26:03 Town Watch
26:59 Double-Bit Axe
26:57 Horse Collar
Koprulu Mehmed PASA_☾☆
12:13 Feudal Age
akarisialo
0:45 Loom
11:34 Feudal Age
14:21 Man-at-Arms
14:57 Arson
15:50 Double-Bit Axe
22:58 Castle Age
21:29 Padded Archer Armor
22:27 Scale Mail Armor
26:25 Town Watch
28:11 Leather Archer Armor
29:17 Wheelbarrow
28:36 Gold Mining
30:00 Horse Collar
Connection lost

Rejoining the realm…

Still unreachable

The connection could not be restored.

Session expired

The server has moved on; the page needs a fresh start.